 Dungeon Crawl Stone Soup version 0.31-a0-981-geadf994542 (webtiles) character file.

Game seed: 7813434979639563697

50 p00ps00p the Trooper (level 3, 0/33 HPs)
             Began as a Hill Orc Fighter on Nov 1, 2023.
             Succumbed to Sigmund's poison
             ... on level 2 of the Dungeon.
             The game lasted 00:01:51 (903 turns).

p00ps00p the Trooper (Hill Orc Fighter)              Turns: 903, Time: 00:01:51

Health: 0/33       AC:  8    Str: 16 (19) XL:     3   Next: 79%
Magic:  3/3        EV:  8    Int:  6 (7)  God:
Gold:   71         SH:  0    Dex: 13 (14) Spells: 2/2 levels left

rFire   . . .        a - +0 war axe
rCold   + . .        c - +1 buckler
rNeg    . . .        b - +0 scale mail
rPois   .            (no helmet)
rElec   .            f - +0 cloak
rCorr   .            (no gloves)
SInv    .            (no boots)
Will    .....        (no amulet) Stlth
                     (no ring)
HPRegen 0.25/turn    (no ring)
MPRegen 0.08/turn

%: no passive effects
@: confused, mighty, lethally poisoned (0 -> -6)
A: agile 1, cold resistance 1, high MP 1
a: no special abilities


You were on level 2 of the Dungeon.
You visited 1 branch of the dungeon, and saw 2 of its levels.

You collected 71 gold pieces.

Inventory:

Hand Weapons
 a - a +0 war axe (weapon)
Armour
 b - a +0 scale mail (worn)
 c - a +1 buckler (worn)
 f - a +0 cloak (worn)
Scrolls
 e - a scroll of revelation
Potions
 d - 2 potions of might
 g - a potion of experience {unknown}
 h - a potion of invisibility {unknown}
 i - a potion of attraction {unknown}
 j - 2 potions of degeneration
 k - a potion of mutation


   Skills:
 + Level 4.2 Fighting
 + Level 3.5 Axes
 + Level 3.8 Armour
 + Level 3.8 Shields


You had 2 spell levels left.
You didn't know any spells.
Your spell library contained the following spells:

 Spells                   Type           Power      Damage    Failure   Level
 Hailstorm                Conj/Ice       0%         3d3       100%        3
 Summon Ice Beast         Ice/Summ       0%         N/A       100%        4
 Simulacrum               Ice/Necr       0%         N/A       100%        6


Dungeon Overview and Level Annotations

Branches:
Dungeon (2/15)

Altars:

Shops:
D:1 :

Annotations:
D:2 Sigmund


Innate Abilities, Weirdness & Mutations

You are agile. (Dex +4, Str/Int -1)
Your flesh is cold resistant. (rC+)
You have an increased reservoir of magic. (+10% MP)


Message History

Sigmund is nearby!
Sigmund is nearby!
Sigmund is nearby!
Sigmund's eyes start glowing with a red light.
Sigmund hits you from afar with a +2 scythe of venom!
You are poisoned.
You feel very mighty all of a sudden.
You feel very sick. Sigmund barely misses you.
You feel very sick.
You closely miss Sigmund.
You feel very sick. Sigmund hits you but does no damage.
You are lethally poisoned!
You slice Sigmund!!
Sigmund is severely wounded.
* * * LOW HITPOINT WARNING * * *
You feel very sick. Sigmund gestures at you while chanting.
The magic dart hits you but does no damage.
Sigmund mumbles some strange words.
Sigmund flickers and vanishes!
Deactivating autopickup; reactivate with Ctrl-A.
You miss something.
* * * LOW HITPOINT WARNING * * *
You feel very sick.
You hear some strange, mumbled words.
A magic dart appears from out of thin air!
The magic dart hits you.
* * * LOW HITPOINT WARNING * * *
It was a potion of degeneration.
There was something very wrong with that liquid.
You feel weakened.
You feel dopey.
You feel clumsy.
* * * LOW HITPOINT WARNING * * *
You feel sick.
You hear some strange, mumbled words.
You are confused.
It was a potion of mutation.
You feel extremely strange.
You feel agile.
You feel more energetic.
You feel resistant to cold.
You die...

##<## #.# #
######...###.#####
###.................
..#.##.......####.##
#.#.##..............
#.#.##.......####.##
#.#.####.##### ##.#
######...####.### ##..##
##.......@{....#≈# ##.....
........########≈## ......
#.#####.#######.~.###....#
#.........~...##...#
#.#######.~.........
#........#≈#....)..#
#.######.#≈######<.# #.#
##..##≈### #..# #.#
#..#####.# #..#


There were no monsters in sight!

Vanquished Creatures
  An adder (D:2)
  A worm (D:2)
  2 ball pythons (D:1)
  3 endoplasms
  2 giant cockroaches (D:1)
  A goblin (D:1)
  4 hobgoblins (D:1)
  8 jackals (D:1)
  2 kobolds
  2 quokkas
  4 bats
  A rat (D:1)
31 creatures vanquished.

Notes
Turn   | Place    | Note
-------+----------+-------------------------------------------
     0 | D:1      | p00ps00p the Hill Orc Fighter began the quest for the Orb.
     0 | D:1      | Reached XP level 1. HP: 19/19 MP: 1/1
   161 | D:1      | Reached XP level 2. HP: 27/27 MP: 2/2
   236 | D:1      | Reached skill level 4 in Fighting
   275 | D:1      | Found Kerratuv's Vocational Training.
   282 | D:1      | Reached XP level 3. HP: 32/33 MP: 3/3
   895 | D:2      | Noticed Sigmund
   903 | D:2      | Gained mutation: You are agile. (Dex +4, Str/Int -1)
                  | [potion of mutation]
   903 | D:2      | Gained mutation: You have an increased reservoir of magic.
                  | (+10% MP) [potion of mutation]
   903 | D:2      | Gained mutation: Your flesh is cold resistant. (rC+)
                  | [potion of mutation]
   903 | D:2      | Succumbed to Sigmund's poison

Illustrated notes

Levels and vault maps discovered:
D:1:      sevenhm_arrival_forest_fort_large_4, layout_rooms,
          nicolae_shop_vocational
D:2:      layout_loops_ring, chequers_serial_rivers_micro_a, uniq_sigmund

Skill      XL: |  1  2 |
---------------+-------+-----
Axes           | 3 |  3.5
Fighting       | 4 |  4.2
Armour         | |  3.8
Shields        | |  3.8

Action                     || total
---------------------------++-------
  Melee: War axe           ||    82
    Use: Scroll            ||     5
         Potion            ||     3
 Armour: Scale mail        ||    70
  Dodge: Dodged            ||    54
  Block: Buckler           ||    18

Table legend: (Time is in decaauts)
 A = Elapsed time spent in this place.
 B = Non-inter-level travel time spent in this place.
 C = Inter-level travel time spent in this place.
 D = Time resting spent in this place.
 E = Time spent auto-exploring this place.
 F = Levels seen in this place.
 G = Mean time per level.
                   A        B        C        D        E       F      G
               +--------+--------+--------+--------+--------+-----+--------+
         Total |    934 |    881 |     53 |     42 |    632 |   2 |  467.0 |
       Dungeon |    934 |    881 |     53 |     42 |    632 |   2 |  467.0 |
               +--------+--------+--------+--------+--------+-----+--------+

Top non-repeatable levels by time:
     D:1: 729 daAuts
     D:2: 204 daAuts
